 Dungeon Crawl Stone Soup version 0.17.0-24-gcfadda4 (webtiles) character file.

205 Raultor the Insei (level 5, 0/37 HPs)
             Began as an Octopode Monk on Nov 16, 2015.
             Slain by a centaur (10 damage)
             ... on level 4 of the Dungeon.
             The game lasted 00:06:54 (3199 turns).

Raultor the Insei (Octopode Monk)                   Turns: 3199, Time: 00:06:54

Health: 0/37       AC:  1    Str: 11    XL:     5   Next: 83%
Magic:  5/5        EV: 14    Int: 14    God:
Gold:   168        SH:  0    Dex: 15    Spells: 0 memorised, 4 levels left

rFire  . . .     SeeInvis .       - Unarmed
rCold  . . .     Clarity  .     (no shield)
rNeg   . . .     SustAt   .     (helmet restricted)
rPois  .         Gourm    .     (no amulet)
rElec  .         Spirit   .     o - +2 ring of intelligence
rCorr  .         Warding  .     (no ring)
rMut   .         Stasis   .     (no ring)
MR     .....                    (no ring)
Stlth  +++.......               (no ring)
                                (no ring)
                                (no ring)
                                (no ring)

@: not resistant to hostile enchantments, fairly stealthy
A: almost no armour, amphibious, 8 rings, constrict 8, camouflage 1, gelatinous
body 1
a: no special abilities


You were on level 4 of the Dungeon.
You were very hungry.

You visited 1 branch of the dungeon, and saw 4 of its levels.

You collected 168 gold pieces.

Inventory:

Missiles
 n - an exploding tomahawk (quivered)
 q - a throwing net
Jewellery
 o - a +2 ring of intelligence (left tentacle)
Scrolls
 e - 4 scrolls of blinking {unknown}
 f - 2 scrolls of teleportation {unknown}
 i - a scroll of identify {unknown}
 l - 2 scrolls of amnesia {unknown}
Potions
 b - 3 potions of invisibility {unknown}
 c - a potion of heal wounds {unknown}
 d - a potion of curing {unknown}
 g - a potion of agility {unknown}
 h - 2 potions of poison {unknown}
 j - a potion of degeneration {unknown}
Books
 m - an Akashic Record

   Spells                             Type                      Level
   a - Dispersal                      Translocation                6
   b - Malign Gateway                 Summoning/Translocation      7
   c - Disjunction                    Translocation                8
   d - Controlled Blink               Translocation                8
Comestibles
 a - a bread ration
 k - 3 fruits
 p - a beef jerky


   Skills:
 + Level 4.1 Fighting
 + Level 4.0 Dodging
 - Level 2.6 Stealth
 + Level 5.5 Unarmed Combat


You had 4 spell levels left.
You didn't know any spells.

Dungeon Overview and Level Annotations

Branches:
Dungeon (4/15)
 Temple: D:4-7

Altars:
Elyvilon
Xom


Innate Abilities, Weirdness & Mutations

You cannot wear most types of armour.
You are amphibious.
You can wear up to eight rings at the same time.
You can use your tentacles to constrict eight enemies at once.
Your skin changes colour to match your surroundings (Stealth).
Your rubbery body absorbs attacks (AC +1).


Message History

The centaur shoots an arrow.
The arrow hits you!
You see here 3 arrows.
The centaur shoots an arrow.
The arrow hits you.
* * * LOW HITPOINT WARNING * * *
You see here an arrow.
The centaur unwields an uncursed shortbow.
The centaur closely misses you.
You barely miss the centaur. Your squeeze misses the centaur.
The centaur misses you.
You tentacle-slap the centaur.
The centaur is lightly wounded.
The centaur misses you. x2
You tentacle-slap the centaur but do no damage.
You squeeze the centaur.
The centaur is moderately wounded.
The centaur barely misses you.
You tentacle-slap the centaur. Your squeeze misses the centaur.
The centaur is heavily wounded.
The centaur barely misses you. The centaur hits you!
You die...

#.........##
##..........##
#............#
...............#
..............##
.....##.......##
....# #.......#
.## ###...(## .
###.@# ...
###c###.....
#..a.?..c...
#...##.......
....## ...#a..
....# ...# .
...# #..# ..#
... .# ...#


You could see a centaur and a worker ant.

Vanquished Creatures
  A worker ant (D:4)
  10 adders
  3 oozes
  A worm (D:3)
  2 giant geckos
  7 orcs (D:3)
  5 bats
  4 giant cockroaches
  7 goblins
  8 hobgoblins
  3 quokkas
  2 giant newts
  9 kobolds
  7 rats
69 creatures vanquished.

Vanquished Creatures (others)
  A ball python (D:4)
  A bat (D:3)
2 creatures vanquished.

Grand Total: 71 creatures vanquished

Notes
Turn   | Place    | Note
--------------------------------------------------------------
     0 | D:1      | Raultor the Octopode Monk began the quest for the Orb.
     0 | D:1      | Reached XP level 1. HP: 16/16 MP: 1/1
   194 | D:1      | Reached XP level 2. HP: 14/21 MP: 2/2
   553 | D:1      | Found a shimmering altar of Xom.
   836 | D:2      | Reached XP level 3. HP: 19/26 MP: 3/3
  1159 | D:2      | Reached XP level 4. HP: 19/32 MP: 4/4
  1596 | D:2      | Reached skill level 5 in Unarmed Combat
  1891 | D:3      | Reached XP level 5. HP: 28/37 MP: 5/5
  2184 | D:3      | Found a white marble altar of Elyvilon.
  3188 | D:4      | Noticed a centaur
  3199 | D:4      | Slain by a centaur

Action                   |  1- 3 |  4- 6 || total
-------------------------+-------+-------++-------
Melee: Unarmed           |    55 |   105 ||   160
 Stab: Sleeping          |    12 |     5 ||    17
       Distracted        |       |     2 ||     2
  Eat: Chunk             |     1 |     5 ||     6
